 Dungeon Crawl Stone Soup version 0.27.0-1-g7a089689b8 (webtiles) character file.

Game seed: 866784842829856757

417 ZARRMARR the Chopper (level 6, -10/56 HPs)
             Began as a Hill Orc Monk on Aug 10, 2021.
             Killed from afar by Dowan (13 damage)
             ... with a puff of frost
             ... on level 3 of the Dungeon.
             The game lasted 00:28:13 (7297 turns).

ZARRMARR the Chopper (Hill Orc Monk)                Turns: 7297, Time: 00:28:14

Health: -10/56     AC:  7    Str: 16    XL:     6   Next: 92%
Magic:  0/6        EV: 13    Int: 10    God:
Gold:   221        SH:  0    Dex: 13    Spells: 5/5 levels left

rFire    . . .     SeeInvis .   a - +0 hand axe
rCold    . . .     Faith    .   (no shield)
rNeg     + . .     Spirit   +   b - +1 robe
rPois    .         Reflect  .   (no helmet)
rElec    .         Harm     .   (no cloak)
rCorr    .         Rampage  .   (no gloves)
Will     .....                  (no boots)
Stlth    +.........             r - amulet of guardian spirit
HPRegen  0.18/turn              s - +4 ring of protection
MPRegen  0.10/turn              t - ring of positive energy

@: lethally poisoned (-10 -> -13), lit by a corona, glowing
A: high mp 1, sense surroundings 1
a: no special abilities


You were on level 3 of the Dungeon.
You visited 2 branches of the dungeon, and saw 5 of its levels.

You collected 221 gold pieces.

Inventory:

Hand Weapons
 a - a +0 hand axe (weapon)
 o - a +2 flail of protection
Missiles
 g - 2 boomerangs (quivered)
 k - 24 poisoned darts
Armour
 b - a +1 robe (worn)
Jewellery
 h - an amulet of faith
 r - an amulet of guardian spirit (around neck)
 s - a +4 ring of protection (left hand)
 t - a ring of positive energy (right hand)
Wands
 f - a wand of acid (6)
Scrolls
 d - 3 scrolls of enchant armour
 e - a scroll of acquirement
 i - 2 scrolls of magic mapping
 j - a scroll of fog
 l - 4 scrolls of noise
Potions
 c - 2 potions of invisibility
 p - a potion of brilliance
 q - a potion of lignification
 u - a potion of mutation


   Skills:
 + Level 5.1 Fighting
 + Level 6.6 Axes
 + Level 2.5 Throwing
 + Level 3.3 Dodging
 + Level 2.3 Stealth


You had 5 spell levels left.
You didn't know any spells.
Your spell library contained the following spells:

 Spells                   Type           Power      Damage    Failure   Level
 Animate Skeleton         Necr           0%         N/A       36%         1
 Apportation              Tloc           0%         N/A       36%         1
 Corona                   Hex            0%         N/A       36%         1
 Summon Small Mammal      Summ           0%         N/A       36%         1
 Slow                     Hex            0%         N/A       50%         2
 Confusing Touch          Hex            0%         N/A       75%         3
 Dazzling Flash           Conj/Hex       0%         N/A       75%         3
 Iskenderun's Mystic Bla  Conj/Tloc      0%         2d3       98%         4
 Yara's Violent Unravell  Hex/Tmut       0%         3d3       100%        5
 Starburst                Conj/Fire      0%         8x6d3     100%        6


Dungeon Overview and Level Annotations

Branches:
Dungeon (4/15)             Temple (1/1) D:4

Altars:
Ashenzari
Cheibriados
Elyvilon
Hepliaklqana
Makhleb
Nemelex Xobeh
Okawaru
Ru
Sif Muna
Trog
Uskayaw
Wu Jian
Xom

Annotations:
D:3 Dowan, Duvessa


Innate Abilities, Weirdness & Mutations

You have an increased reservoir of magic. (+10% MP)
You passively map a small area around you.


Message History

Duvessa closely misses you. Dowan closely misses you.
You barely miss Duvessa.
Duvessa is heavily wounded.
You barely miss Dowan.
You feel very sick. Duvessa misses you.
Dowan mumbles some strange words.
Dowan blinks!
You hit Duvessa.
Duvessa is heavily wounded.
You feel very sick. Duvessa barely misses you.
You hit Duvessa.
Duvessa is heavily wounded.
You feel sick. Duvessa hits you with a +0 short sword.
You hit Duvessa.
Duvessa is severely wounded.
You barely miss Dowan.
You feel sick. Duvessa closely misses you.
Dowan gestures at you while chanting. The puff of flame hits you.
You hit Duvessa.
Duvessa is severely wounded.
You hit Dowan.
You feel sick. Duvessa hits you with a +0 short sword.
Dowan gestures at you while chanting.
You are outlined in light.
You closely miss Duvessa.
Duvessa is severely wounded.
You hit Dowan.
You feel sick. Duvessa hits you with a +0 short sword!
* * * LOW HITPOINT WARNING * * *
Dowan points at you and mumbles some strange words.
The puff of frost hits you.
* * * LOW HITPOINT WARNING * * *
You slash Duvessa!
Duvessa is almost dead.
You completely miss Dowan.
You feel sick. Duvessa hits you with a +0 short sword.
* * * LOW HITPOINT WARNING * * *
Dowan points at you and mumbles some strange words.
The puff of frost hits you!
You die...

#########...#....#....
##....)####....
####.)...## #....
##########....)>)##
##..^
##.....#..........#
##..
##...............#.#
###
#.............)..#.#
#..........e..[..#.#
#...........@e.....#
#.................####
#....................#
#....................#
##...................#
##.....#.....########
#############


You could see Duvessa and Dowan.

Vanquished Creatures
  A scorpion (D:2)
  7 orc wizards
  A hound skeleton (D:3)
  4 adders
  3 worms (D:2)
  6 dart slugs
  9 orcs
  8 bats
  8 endoplasms
  4 giant cockroaches
  9 goblins
  9 hobgoblins
  7 jackals
  A quokka (D:3)
  10 ball pythons
  3 frilled lizards
  10 kobolds
  A quokka skeleton (D:4)
  6 rats
107 creatures vanquished.

Vanquished Creatures (others)
  An orc wizard (D:4)
  A fungus (D:3)
  2 plants (D:3)
4 creatures vanquished.

Grand Total: 111 creatures vanquished

Notes
Turn   | Place    | Note
-------+----------+-------------------------------------------
     0 | D:1      | ZARRMARR the Hill Orc Monk began the quest for the Orb.
     0 | D:1      | Reached XP level 1. HP: 19/19 MP: 1/1
   198 | D:1      | Reached XP level 2. HP: 23/27 MP: 2/2
   653 | D:1      | Reached XP level 3. HP: 14/33 MP: 3/3
  1437 | D:2      | Reached skill level 5 in Axes
  1810 | D:2      | Reached XP level 4. HP: 15/41 MP: 4/4
  3195 | D:3      | Found a hazy altar of Hepliaklqana.
  3281 | D:3      | Noticed a scorpion
  3289 | D:3      | Gained mutation: You passively map a small area around you.
                  | [potion of mutation]
  3289 | D:3      | Gained mutation: You have an increased reservoir of magic.
                  | (+10% MP) [potion of mutation]
  3813 | D:2      | Reached XP level 5. HP: 47/47 MP: 5/5
  4339 | D:2      | Reached skill level 6 in Axes
  4339 | D:2      | Reached skill level 1 in Throwing
  4398 | D:3      | Found a faded altar of an unknown god.
  4727 | D:3      | Reached XP level 6. HP: 23/55 MP: 1/6
  5351 | D:4      | Reached skill level 5 in Fighting
  5576 | D:4      | Found a shimmering blue altar of Sif Muna.
  5865 | D:4      | Found a staircase to the Ecumenical Temple.
  5898 | D:4      | Noticed Dowan
  5900 | D:4      | Noticed Duvessa
  6907 | Temple   | Entered the Ecumenical Temple
  7147 | D:4      | Identified a scroll of acquirement
  7297 | D:3      | Killed from afar by Dowan

Illustrated notes

Levels and vault maps discovered:
D:1:      dpeg_arrival_fog, layout_basic
D:2:      wad_river_or_something, layout_loops_corners,
          kennysheep_generic_room_12
D:3:      layout_rooms, mainiacjoe_overflow_boulevard,
          shapermc_ecumenical_altar_ellora
D:4:      layout_layer_cave, tgw_sif, minmay_temple_entry_large_hall,
          serial_shops, shop, uniq_duvessa
Temple:   minmay_temple_curvy_loop

Skill      XL: |  1  2  3  4  5  6 |
---------------+-------------------+-----
Fighting       | 4 5 |  5.1
Axes           | 5 6 |  6.6
Throwing       | 1 2 |  2.5
Dodging        | 3 |  3.3
Stealth        | 2 |  2.3

Action                   |  1- 3 |  4- 6 || total
-------------------------+-------+-------++-------
Melee: Hand axe          |   153 |   249 ||   402
Throw: Boomerang         |    14 |   113 ||   127
  Use: Scroll            |     3 |     9 ||    12
       Potion            |       |     9 ||     9
 Stab: Sleeping          |     1 |     5 ||     6
Armor: Robe              |    40 |   100 ||   140
Dodge: Dodged            |   103 |   159 ||   262
